 Dungeon Crawl Stone Soup version 0.18-a0-844-g9229740 (webtiles) character file.

51 JokEr the Insei (level 3, -3/24 HPs)
             Began as an Octopode Transmuter on Dec 19, 2015.
             Slain by Yakui's ghost (15 damage)
             ... on level 3 of the Dungeon.
             The game lasted 00:05:18 (1880 turns).

JokEr the Insei (Octopode Transmuter)               Turns: 1880, Time: 00:05:19

Health: -3/24      AC:  1    Str:  9    XL:     3   Next: 81%
Magic:  6/6        EV:  7    Int: 16    God:
Gold:   131        SH:  0    Dex: 12    Spells: 1 memorised, 5 levels left

rFire  . . .     SeeInvis .       - Unarmed
rCold  . . .     Gourm    .     (no shield)
rNeg   . . .     Faith    .     (helmet restricted)
rPois  .         Spirit   .     (no amulet)
rElec  .         Dismiss  .     (no ring)
rCorr  .         Reflect  .     (no ring)
SustAt .         Harm     .     (no ring)
MR     .....                    (no ring)
Stlth  ++........               (no ring)
                                (no ring)
                                (no ring)
                                (no ring)

@: not resistant to hostile enchantments, unstealthy
A: almost no armour, amphibious, 8 rings, constrict 8, camouflage 1, gelatinous
body 1
a: no special abilities


You were on level 3 of the Dungeon.
You were not hungry.

You visited 1 branch of the dungeon, and saw 3 of its levels.

You collected 131 gold pieces.

Inventory:

Missiles
 a - 36 arrows
 d - 19 arrows of flame
Scrolls
 g - 2 scrolls of magic mapping
 i - a scroll of remove curse
Books
 b - a book of Changes

   Spells                             Type                      Level
   a - Beastly Appendage              Transmutation                1
   b - Sticks to Snakes               Transmutation                2
   c - Spider Form                    Transmutation/Poison         3
   d - Ice Form                       Ice/Transmutation            4
   e - Blade Hands                    Transmutation                5
Comestibles
 c - a bread ration
 f - 2 meat rations
 h - a royal jelly


   Skills:
 + Level 1.8 Fighting
 - Level 2.0 Dodging
 + Level 3.7 Unarmed Combat
 - Level 2.0 Spellcasting
 + Level 2.9 Transmutations


You had 5 spell levels left.
You knew the following spells:

 Your Spells              Type           Power        Failure   Level  Hunger
a - Beastly Appendage     Trmt           ##....       10%         1    #......


Dungeon Overview and Level Annotations

Branches:
Dungeon (3/15)

Altars:
Ashenzari
Fedhas
Pakellas
Sif Muna

Annotations:
D:3 Yakui's ghost, amateur MiFi


Innate Abilities, Weirdness & Mutations

You cannot wear most types of armour.
You are amphibious.
You can wear up to eight rings at the same time.
You can use your tentacles to constrict eight enemies at once.
Your skin changes colour to match your surroundings (Stealth).
Your rubbery body absorbs attacks (AC +1).


Message History

Yakui's ghost turns its malevolent gaze towards you.
A rat comes into view.
A giant gecko comes into view.
Found a scroll labeled NERUPH GYTWER and a scroll of remove curse.
You tentacle-slap the bat. Your grab misses the bat.
Your tentacle spike misses the bat.
The bat is severely wounded.
The bat hits you.
An orc comes into view. It is wielding a mace.
Your tentacle spike disappears.
The bat misses you. Yakui's ghost barely misses you.
The bat barely misses you. x2
Yakui's ghost hits you!
The orc shouts!
You hear a shout!
You hear a shout!
The bat hits you. The bat hits you.
There is a stone staircase leading up here.
Yakui's ghost hits you!
Ouch! That really hurt!
You die...

######### ######.
..##.......# ....o..
#.........# ......r
#...@...# .......
####W###########
.....o. . #b#
....... ###.... ..#
#b# ....... ...o
#.o.# #.# ?......
..#
#...##l####.......
.# #o.orr.l.r......
#...r...#.###......?
#######...# ....###


You could see Yakui's ghost, an orc, a giant gecko, 2 bats and 2 rats.

Vanquished Creatures
  2 adders (D:2)
  A worm (D:2)
  2 giant geckos
  4 bats
  3 goblins
  7 hobgoblins
  A giant newt (D:2)
  5 kobolds
  A rat (D:1)
26 creatures vanquished.

Notes
Turn   | Place    | Note
--------------------------------------------------------------
     0 | D:1      | JokEr the Octopode Transmuter began the quest for the Orb.
     0 | D:1      | Reached XP level 1. HP: 13/13 MP: 3/3
   253 | D:1      | Reached XP level 2. HP: 15/18 MP: 3/5
   650 | D:2      | Found an oddly glowing altar of Pakellas.
   653 | D:2      | Found a blossoming altar of Fedhas.
   656 | D:2      | Found a shattered altar of Ashenzari.
   659 | D:2      | Found a deep blue altar of Sif Muna.
   961 | D:2      | Reached XP level 3. HP: 15/23 MP: 4/6
  1783 | D:3      | Noticed Yakui's ghost (amateur MiFi)
  1880 | D:3      | Slain by Yakui's ghost

Vault maps used:
D:1:      dpeg_arrival_concentric_ovals, minmay_misc_feat_roman
D:2:      grunt_temple_overflow_cloverleaf, first_bread
D:3:      lemuel_crystal_altar

Action                   || total
-------------------------++-------
Melee: Unarmed           ||    56
 Cast: Beastly Appendage ||    21
  Use: Scroll            ||     2
 Stab: Sleeping          ||     4
  Eat: Chunk             ||     2
       Bread ration      ||     1
